 Dungeon Crawl Stone Soup version 0.28.0-43-g3370ac3207 (webtiles) character file.

Game seed: 15104532512369925790

15 Ablot the Grasshopper (level 2, -3/26 HPs)
             Began as a Gnoll Warper on Mar 2, 2022.
             Killed from afar by Sigmund (7 damage)
             ... with a magic dart
             ... on level 1 of the Dungeon.
             The game lasted 00:00:53 (980 turns).

Ablot the Grasshopper (Gnoll Warper)                 Turns: 980, Time: 00:00:54

Health: -3/26      AC:  3    Str: 10    XL:     2   Next: 50%
Magic:  7/7        EV: 12    Int: 12    God:
Gold:   42         SH:  0    Dex: 11    Spells: 8/10 levels left

rFire   . . .      SeeInvis .   a - +0 spear
rCold   . . .      Faith    .   (no shield)
rNeg    . . .      Spirit   .   b - +0 leather armour
rPois   .          Reflect  .   (no helmet)
rElec   .          Harm     .   (no cloak)
rCorr   .          Rampage  .   (no gloves)
Will    .....                   (no boots)
Stlth   +.........              (no amulet)
HPRegen 0.08/turn               (no ring)
MPRegen 0.10/turn               (no ring)

@: no status effects
A: fangs 1, strong nose, distributed training
a: no special abilities


You were on level 1 of the Dungeon.
You visited 1 branch of the dungeon, and saw 2 of its levels.

You collected 42 gold pieces.

Inventory:

Hand Weapons
 a - a +0 spear (weapon)
Missiles
 d - 5 boomerangs of dispersal
 g - 22 stones
 i - a throwing net
 l - 19 bolts
 m - 3 boomerangs (quivered)
Armour
 b - a +0 leather armour (worn)
Scrolls
 c - a scroll of blinking
 f - a scroll of immolation {unknown}
 j - a scroll of enchant armour {unknown}
Potions
 e - a potion of heal wounds {unknown}
 h - a potion of curing {unknown}
 k - a potion of magic {unknown}


   Skills:
 + Level 4.5 Fighting
 + Level 0.4 Short Blades
 + Level 0.4 Long Blades
 + Level 0.4 Axes
 + Level 0.4 Maces & Flails
 + Level 4.5 Polearms
 + Level 0.4 Staves
 + Level 0.4 Slings
 + Level 0.4 Bows
 + Level 0.4 Crossbows
 + Level 2.5 Throwing
 + Level 2.5 Armour
 + Level 4.5 Dodging
 + Level 0.4 Stealth
 + Level 0.4 Shields
 + Level 0.4 Unarmed Combat
 + Level 4.9 Spellcasting
 + Level 0.2 Conjurations
 + Level 0.2 Hexes
 + Level 0.2 Summonings
 + Level 0.2 Necromancy
 + Level 5.3 Translocations
 + Level 0.2 Transmutations
 + Level 0.2 Fire Magic
 + Level 0.2 Ice Magic
 + Level 0.2 Air Magic
 + Level 0.2 Earth Magic
 + Level 0.2 Poison Magic
 + Level 0.5 Invocations
 + Level 0.4 Evocations


You had 8 spell levels left.
You knew the following spells:

 Your Spells              Type           Power      Damage    Failure   Level
a - Blink                 Tloc           30%        N/A       4%          2

Your spell library contained the following spells:

 Spells                   Type           Power      Damage    Failure   Level
 Gell's Gravitas          Tloc           15%        N/A       9%          3
 Lesser Beckoning         Tloc           15%        N/A       9%          3
 Teleport Other           Tloc           15%        N/A       9%          3
 Animate Skeleton         Necr           6%         N/A       24%         1
 Pain                     Necr           12%        1d4       24%         1
 Scorch                   Fire           6%         2d5       34%         2
 Vampiric Draining        Necr           3%         2d6       56%         3
 Manifold Assault         Tloc           15%        N/A       63%         5
 Flame Wave               Conj/Fire      3%         2d4       93%         4
 Summon Cactus Giant      Summ           1%         N/A       100%        6


Dungeon Overview and Level Annotations

Branches:
Dungeon (2/15)

Altars:

Annotations:
D:1 Sigmund


Innate Abilities, Weirdness & Mutations

You have very sharp teeth.
Your uncanny sense of smell can sniff out nearby items.
Your experience applies equally to all skills.


Message History

Sigmund casts a spell at you. The puff of flame hits you.
You barely miss Sigmund.
A jackal comes into view.
Sigmund barely misses you.
The jackal moves out of view.
A jackal comes into view.
You hit Sigmund.
Sigmund is lightly wounded.
You closely miss Sigmund.
Sigmund is lightly wounded.
Sigmund mumbles some strange words.
Sigmund flickers and vanishes!
Deactivating autopickup; reactivate with Ctrl-A.
You hit something but do no damage. Something hits you!
Ouch! That really hurt!
Unknown command.
You climb upwards.
Reactivating autopickup.
There is a stone staircase leading down here.
You hear some strange, mumbled words.
Deactivating autopickup; reactivate with Ctrl-A.
Something tries to affect you, but you resist.
You hit something.
You hear some strange, mumbled words.
Something tries to affect you, but you resist.
You hit something but do no damage. Your bite misses something.
Something hits you but does no damage.
You hit something but do no damage. You closely miss something.
Something hits you.
You closely miss something. Something hits you.
* * * LOW HITPOINT WARNING * * *
You closely miss something. Your punch misses something.
Your bite misses something. You closely miss something.
Something completely misses you.
You hit something but do no damage. You closely miss something.
You hear some strange, mumbled words.
A magic dart appears from out of thin air!
The magic dart hits you!
You die...

#####....# #...# #.##.#
.........# #...# #.##.#
#####....######...###.##.#
#..).................#
#.#..########.#####.##
###.#..# #>....#.#
#......# #####.#.#
###.##.#.######### #.#.#
..#.##.#.......{@# ##.#.#
#.#.##.#########>###....#
............####.##.....##
##[.##.###.#.#...........#
##........# #....##.....##
.......###.#.#######...##
##.#.### #. ########.##
#.#.# #. .........# #.#.#
# ########.#


There were no monsters in sight!

Vanquished Creatures
  An endoplasm (D:1)
  A giant cockroach (D:1)
  4 goblins (D:1)
  2 hobgoblins (D:1)
  2 bats (D:1)
  2 frilled lizards (D:1)
  2 rats (D:1)
14 creatures vanquished.

Notes
Turn   | Place    | Note
-------+----------+-------------------------------------------
     0 | D:1      | Ablot the Gnoll Warper began the quest for the Orb.
     0 | D:1      | Reached XP level 1. HP: 20/20 MP: 6/6
   383 | D:1      | Reached XP level 2. HP: 26/26 MP: 7/7
   386 | D:1      | Learned a level 2 spell: Blink
   961 | D:2      | Noticed Sigmund
   961 | D:2      | Found a faded altar of an unknown god.
   980 | D:1      | Killed from afar by Sigmund

Illustrated notes

Levels and vault maps discovered:
D:1:      pf_arrival_petrified_forest, layout_loops_ring, minmay_tetromino_o2
D:2:      layout_loops_cross, nicolae_ecumenical_pavilion, basic_altar,
          uniq_sigmund, uniq_terence

Action                   || total
-------------------------++-------
Melee: Spear             ||    62
       Bite              ||     3
 Stab: Sleeping          ||     2
Armor: Leather armour    ||     6
Dodge: Dodged            ||    19
